 Dungeon Crawl Stone Soup version 0.20.1-1-g8b1a95d (webtiles) character file.

42 Namira the Caller (level 3, 0/24 HPs)
             Began as a Human Summoner on Sept 30, 2017.
             Slain by Taddel's ghost (5 damage)
             ... on level 3 of the Dungeon.
             The game lasted 00:34:15 (2082 turns).

Namira the Caller (Human Summoner)                  Turns: 2082, Time: 00:34:15

Health: 0/24       AC:  7    Str:  5 (8)  XL:     3   Next: 77%
Magic:  1/6        EV:  9    Int: 17 (18) God:
Gold:   40         SH:  0    Dex: 11 (13) Spells: 3/6 levels left

rFire    . . .     SeeInvis .   g - +3 whip
rCold    . . .     Gourm    .   (no shield)
rNeg     . . .     Faith    .   l - +0 ring mail
rPois    .         Spirit   .   (no helmet)
rElec    .         Reflect  .   (no cloak)
rCorr    .         Harm     .   j - +0 pair of gloves
MR       .....                  (no boots)
Stlth    +.........             (no amulet)
Regen    0.1/turn               (no ring)
MPRegen  0.1/turn               (no ring)

@: no status effects
A: rugged brown scales 1, clever 1, wild magic 1
a: no special abilities


You were on level 3 of the Dungeon.
You were not hungry.

You visited 1 branch of the dungeon, and saw 3 of its levels.

You collected 40 gold pieces.

Inventory:

Hand Weapons
 a - a +0 dagger
 f - a +0 mace
 g - a +3 whip (weapon)
Armour
 j - a +0 pair of gloves (worn)
 l - a +0 ring mail (worn)
Scrolls
 e - a scroll of recharging
 h - a scroll of enchant weapon
Books
 b - a book of Callings

   Spells                             Type                      Level
   a - Summon Small Mammal            Summoning                    1
   b - Call Imp                       Summoning                    2
   c - Call Canine Familiar           Summoning                    3
   d - Summon Guardian Golem          Hexes/Summoning              3
   e - Summon Lightning Spire         Summoning/Air                4
   f - Summon Ice Beast               Ice/Summoning                4
Comestibles
 d - a royal jelly
 k - 2 bread rations


   Skills:
 + Level 0.2 Fighting
 + Level 2.2 Dodging
 + Level 2.3 Stealth
 + Level 2.3 Spellcasting
 + Level 4.6 Summonings


You had 3 spell levels left.
You knew the following spells:

 Your Spells              Type           Power        Failure   Level  Hunger
a - Summon Small Mammal   Summ           ###.         21%         1    #......
b - Call Imp              Summ           ###.....     28%         2    ###....


Dungeon Overview and Level Annotations

Branches:
Dungeon (3/15)

Altars:
Xom

Annotations:
D:3 Taddel's ghost, amateur DsGl


Innate Abilities, Weirdness & Mutations

You are partially covered in rugged brown scales. (AC +1, +3% HP)
Your mind is acute. (Int +2)
Your spells are a little harder to cast, but a little more powerful.


Message History

Your white imp gestures at Taddel's ghost.
The puff of frost hits Taddel's ghost.
Taddel's ghost resists.
Your crimson imp blinks!
You miss Taddel's ghost.
Taddel's ghost is moderately damaged.
Taddel's ghost hits you.
Your white imp hits Taddel's ghost but does no damage.
You barely miss Taddel's ghost.
Taddel's ghost is moderately damaged.
Taddel's ghost barely misses you.
Your white imp hits Taddel's ghost but does no damage.
You closely miss Taddel's ghost.
Taddel's ghost is moderately damaged.
Taddel's ghost hits you!
* * * LOW HITPOINT WARNING * * *
Your crimson imp blinks!
Your white imp gestures at Taddel's ghost.
The puff of frost hits Taddel's ghost.
Taddel's ghost resists.
Taddel's ghost hits you.
You die...

##########
####........#
#...........#
#.......5...##
#............#
#........5...#
#.......(§<.(#
#######.....[W5..#
.^...........@...#
##.####)##########
#§§....>.
#########


You could see Taddel's ghost, 2 friendly crimson imps and a friendly white imp.

Vanquished Creatures
  A leopard gecko (D:2)
  A goblin (D:1)
  2 hobgoblins (D:1)
  A jackal (D:1)
  A bat (D:1)
  A kobold (D:1)
  2 rats (D:1)
9 creatures vanquished.

Vanquished Creatures (collateral kills)
  A gnoll (D:1)
  An adder (D:2)
  2 leopard geckos
  A ball python (D:1)
  5 giant cockroaches
  3 goblins
  5 jackals (D:1)
  2 bats (D:1)
  2 frilled lizards (D:2)
  4 kobolds
  2 rats (D:1)
28 creatures vanquished.

Grand Total: 37 creatures vanquished

Notes
Turn   | Place    | Note
-------+----------+-------------------------------------------
     0 | D:1      | Namira the Human Summoner began the quest for the Orb.
     0 | D:1      | Reached XP level 1. HP: 13/13 MP: 3/3
    52 | D:1      | Gained mutation: Your magical capacity is low. (-10% MP) [potion of mutation]
    52 | D:1      | Gained mutation: You occasionally shout uncontrollably at your foes. [potion of mutation]
    52 | D:1      | Gained mutation: You are partially covered in rugged brown scales. (AC +1, +3% HP) [potion of mutation]
   191 | D:1      | Reached XP level 2. HP: 12/19 MP: 0/4
   535 | D:1      | Lost mutation: You occasionally shout uncontrollably at your foes. [potion of mutation]
   535 | D:1      | Lost mutation: Your magical capacity is low. (-10% MP) [potion of mutation]
   535 | D:1      | Gained mutation: Your spells are a little harder to cast, but a little more powerful. [potion of mutation]
   535 | D:1      | Gained mutation: Your mind is acute. (Int +2) [potion of mutation]
   539 | D:1      | Learned a level 2 spell: Call Imp
   745 | D:1      | Reached XP level 3. HP: 14/24 MP: 2/6
  1262 | D:2      | Found a shimmering altar of Xom.
  2001 | D:3      | Noticed Taddel's ghost (amateur DsGl)
  2082 | D:3      | Slain by Taddel's ghost

Action                   || total
-------------------------++-------
Melee: Unarmed           ||     9
       Mace              ||    19
       Whip              ||    22
 Cast: Summon Small Mamm ||    18
       Call Imp          ||    30
  Use: Potion            ||     3
       Scroll            ||     5
 Stab: Distracted        ||     2
  Eat: Meat ration       ||     1
       Bread ration      ||     1
Armor: Robe              ||    18
       Ring mail         ||     5
Dodge: Dodged            ||    65
